 Dungeon Crawl Stone Soup version 0.28-a0-1638-g9123634e07 (webtiles) character file.

Game seed: 2376248531805593216

5 testman the Sneak (level 1, -1/11 HPs)
             Began as a Kobold Enchanter on Jan 25, 2022.
             Slain by a worm (8 damage)
             ... on level 2 of the Dungeon.
             The game lasted 00:04:00 (394 turns).

testman the Sneak (Kobold Enchanter)                 Turns: 394, Time: 00:04:00

Health: -1/11      AC:  2    Str:  5    XL:     1   Next: 88%
Magic:  3/3        EV: 15    Int: 16    God:
Gold:   44         SH:  0    Dex: 15    Spells: 4/4 levels left

rFire   . . .      SeeInvis .   a - +1 dagger
rCold   . . .      Faith    .   (no shield)
rNeg    . . .      Spirit   .   b - +0 robe
rPois   .          Reflect  .   (no helmet)
rElec   .          Harm     .   (no cloak)
rCorr   .          Rampage  .   (no gloves)
Will    .....                   (no boots)
Stlth   ++++......              (no amulet)
HPRegen 0.03/turn               (no ring)
MPRegen 0.08/turn               (no ring)

@: no status effects
A: small, no large weapons, nightstalker 3
a: no special abilities


You were on level 2 of the Dungeon.
You visited 1 branch of the dungeon, and saw 2 of its levels.

You collected 44 gold pieces.

Inventory:

Hand Weapons
 a - a +1 dagger (weapon)
Missiles
 e - 8 stones (quivered)
 g - 8 sling bullets
Armour
 b - a +0 robe (worn)
Scrolls
 d - a scroll of teleportation {unknown}
 j - a scroll of identify {unknown}
Potions
 c - a potion of invisibility
 f - a potion of magic {unknown}
 h - a potion of mutation {unknown}
 i - a potion of degeneration {unknown}


   Skills:
 + Level 0.5 Fighting
 + Level 1.8 Short Blades
 - Level 2.4 Dodging
 + Level 4.2 Stealth
 - Level 2.1 Spellcasting
 - Level 3.0 Hexes


You had 4 spell levels left.
You didn't know any spells.
Your spell library contained the following spells:

 Spells                   Type           Power      Damage    Failure   Level
 Ensorcelled Hibernation  Hex/Ice        12%        N/A       17%         2
 Confusing Touch          Hex            11%        N/A       19%         3
 Tukima's Dance           Hex            11%        N/A       19%         3
 Dazzling Flash           Conj/Hex       12%        N/A       32%         3


Dungeon Overview and Level Annotations

Branches:
Dungeon (1/15)

Altars:


Innate Abilities, Weirdness & Mutations

You are small and have problems with some larger weapons.
You are completely attuned to the shadows.


Message History

You throw a stone. The stone hits the worm.
The worm is lightly wounded.
You hit the worm.
The worm is lightly wounded.
The worm closely misses you.
You hit the worm but do no damage.
The worm is lightly wounded.
You hit the worm.
The worm is moderately wounded.
The worm barely misses you.
You hit the worm.
The worm is moderately wounded.
You hit the worm but do no damage.
The worm is moderately wounded.
The worm misses you.
You hit the worm.
The worm is moderately wounded.
You hit the worm but do no damage.
The worm is moderately wounded.
The worm barely misses you.
You hit the worm.
The worm is moderately wounded.
You hit the worm but do no damage.
The worm is moderately wounded.
The worm closely misses you.
You hit the worm.
The worm is heavily wounded.
The worm misses you.
You hit the worm.
The worm is heavily wounded.
You hit the worm.
The worm is heavily wounded.
The worm bites you.
You hit the worm but do no damage.
The worm is heavily wounded.
You hit the worm but do no damage.
The worm is heavily wounded.
The worm bites you!
Ouch! That really hurt!
You die...

... ..# ... ..#
#.####.# #.#..#.# #.
.. ###.#..#.##
#.####.
.........>###..... .
.##.#.......(((w.#.#.
...........#####@#...
.......#...#...#.....
..#............#.#.#.
.......###.#.#.......
.#.....# #.#...#.#.##
.#.....# #.#.#.#.#.#
##.....# #.#.#.#.# #
#.....# .. .#
###...##


You could see a worm.

Vanquished Creatures
  2 endoplasms
  A goblin (D:2)
  2 frilled lizards
5 creatures vanquished.

Notes
Turn   | Place    | Note
-------+----------+-------------------------------------------
     0 | D:1      | testman the Kobold Enchanter began the quest for the Orb.
     0 | D:1      | Reached XP level 1. HP: 10/10 MP: 3/3
   102 | D:1      | Found a faded altar of an unknown god.
   116 | D:1      | You fall into a shaft and drop 1 floor!
   394 | D:2      | Slain by a worm

Illustrated notes

Levels and vault maps discovered:
D:1:      scummos_arrival_checkerplants, layout_rooms,
          dreamdust_ecumenical_altar_angels_and_demons
D:2:      layout_basic, minmay_misc_feat_hallway

Action                   || total
-------------------------++-------
Melee: Dagger            ||    23
Throw: Stone             ||     5
 Stab: Sleeping          ||     4
Armor: Robe              ||     1
Dodge: Dodged            ||     8

Table legend: (Time is in decaauts)
 A = Elapsed time spent in this place.
 B = Non-inter-level travel time spent in this place.
 C = Inter-level travel time spent in this place.
 D = Time resting spent in this place.
 E = Time spent auto-exploring this place.
 F = Levels seen in this place.
 G = Mean time per level.
                   A        B        C        D        E       F      G
               +--------+--------+--------+--------+--------+-----+--------+
         Total |    392 |    392 |      0 |      0 |    159 |   2 |  196.0 |
       Dungeon |    392 |    392 |      0 |      0 |    159 |   2 |  196.0 |
               +--------+--------+--------+--------+--------+-----+--------+

Top non-repeatable levels by time:
     D:2: 276 daAuts
     D:1: 115 daAuts
